 Dungeon Crawl Stone Soup version 0.29-a0-384-g6960b1960d (webtiles) character file.

Game seed: 2308010919393312484

1801 jlumianski the Archer (level 8, -2/54 HPs)
             Began as a Demonspawn Fighter on May 6, 2022.
             Was a Follower of Hepliaklqana.
             Slain by a killer bee (3 damage)
             ... on level 6 of the Dungeon.
             The game lasted 00:29:37 (4995 turns).

jlumianski the Archer (Demonspawn Fighter)          Turns: 4995, Time: 00:29:38

Health: -2/54      AC:  8    Str: 18    XL:     8   Next: 83%
Magic:  8/10       EV:  9    Int: 12    God:    Hepliaklqana [*.....]
Gold:   161        SH:  0    Dex: 16    Spells: 7/7 levels left

rFire   . . .      SeeInvis +   g - +8 longbow "Zephyr" {speed, Dex+3 SInv}
rCold   . . .      Faith    +   (shield currently unavailable)
rNeg    . . .      Spirit   .   b - +0 scale mail
rPois   +          Reflect  .   (helmet restricted)
rElec   .          Harm     .   (no cloak)
rCorr   .          Rampage  .   i - +0 pair of gloves
Will    .....                   (no boots)
Stlth   +.........              f - amulet of faith
HPRegen 0.18/turn               B - ring of see invisible
MPRegen 0.12/turn               (no ring)

@: lethally poisoned (-2 -> -7)
A: reduced essence, ignite blood 1, big brain 2, weakness stinger 2, fangs 1,
horns 1, dopey 1, poison resistance
a: Renounce Religion, Recall Ancestor, Ancestor Identity


You were on level 6 of the Dungeon.
You worshipped Hepliaklqana.
Hepliaklqana was aware of your devotion.
You visited 2 branches of the dungeon, and saw 8 of its levels.

You collected 257 gold pieces.
You spent 96 gold pieces at shops.

Inventory:

Hand Weapons
 a - a +0 war axe
 g - the +8 longbow "Zephyr" (weapon) {speed, Dex+3 SInv}
   (You acquired it on level 1 of the Dungeon)

   Attacks with this weapon are significantly faster.
   Dex:       It affects your dexterity (+3).
   SInv:      It lets you see invisible.
 o - a +2 dagger of draining
 u - the +7 hand axe of Success {drain, rElec rPois}
   (You found it on level 3 of the Dungeon)

   A truly terrible weapon, it drains the life of any living foe it strikes.
   rElec:     It insulates you from electricity.
   rPois:     It protects you from poison.
 w - a +3 hand axe
 E - a +1 hand axe of flaming
Missiles
 l - 171 stones
 q - 4 javelins
Armour
 b - a +0 scale mail (worn)
 c - a +0 buckler
 i - a +0 pair of gloves (worn)
 n - a +0 plate armour
 z - a +0 helmet
 A - a +0 pair of boots
Jewellery
 f - an amulet of faith (around neck)
 s - an amulet of guardian spirit
 y - an amulet of magic regeneration
 B - a ring of see invisible (left hand)
Scrolls
 j - 5 scrolls of teleportation
 m - 2 scrolls of immolation
 C - a scroll of blinking
Potions
 d - 3 potions of might
 e - 2 potions of magic
 h - a potion of lignification
 k - 2 potions of haste
 p - 4 potions of curing
 r - 3 potions of degeneration
 t - 2 potions of attraction
 v - 3 potions of heal wounds
 x - a potion of invisibility {unknown}
 D - 2 potions of resistance {unknown}


   Skills:
 + Level 4.3 Fighting
 - Level 2.3 Axes
 * Level 8.5 Bows
 + Level 3.6 Armour
 + Level 0.8 Dodging
 * Level 3.0 Stealth
 + Level 3.0 Shields
 * Level 3.3 Invocations


You had 7 spell levels left.
You didn't know any spells.
Your spell library contained the following spells:

 Spells                   Type           Power      Damage    Failure   Level
 Summon Ice Beast         Ice/Summ       0%         N/A       100%        4
 Summon Mana Viper        Hex/Summ       0%         N/A       100%        5
 Monstrous Menagerie      Summ           0%         N/A       100%        7


Dungeon Overview and Level Annotations

Branches:
Dungeon (7/15)             Temple (1/1) D:4

Altars:
Ashenzari
Cheibriados
Dithmenos
Fedhas
Hepliaklqana
Makhleb
Nemelex Xobeh
Okawaru
Ru
Trog
Vehumet
Wu Jian
Xom
Yredelemnul
Zin
The Shining One

Shops:
D:2 !   D:5 (

Annotations:
D:6 Grinder


Innate Abilities, Weirdness & Mutations

Your life essence is reduced to manifest your ancestor. (-10% HP)
Your demonic aura sometimes causes spilled blood to erupt in flames.
You have an extremely huge brain. (Int +4)
You have a tail ending in a sharp stinger.
You have very sharp teeth.
You have a pair of small horns on your head.
You are dopey. (Int -2)
Your system is resistant to poisons. (rPois)


Message History

Press: ? - help, Q - select action, (/) - cycle Shift-Dir - straight line, f - killer bee
Aim: a killer bee (51% to hit)
You shoot an arrow. The arrow misses the killer bee.
The killer bee stings you but does no damage.
The killer bee stings you!
Cipactli closely misses the killer bee.
The killer bee barely misses you. The killer bee closely misses you.
Cipactli hits the killer bee.
Shoot: g) +8 longbow "Zephyr" {speed, Dex+3 SInv}
Press: ? - help, Q - select action, (/) - cycle Shift-Dir - straight line, f/p - killer bee
Aim: a killer bee (51% to hit)
You shoot an arrow. The arrow misses the killer bee.
The killer bee stings you.
The killer bee stings you but does no damage.
The killer bee stings you.
The killer bee stings you but does no damage. x2
Cipactli closely misses the killer bee.
The killer bee closely misses you.
Shoot: g) +8 longbow "Zephyr" {speed, Dex+3 SInv}
Press: ? - help, Q - select action, (/) - cycle Shift-Dir - straight line, f/p - killer bee
Aim: a killer bee (51% to hit)
You shoot an arrow. The arrow hits the killer bee!
The killer bee is heavily wounded.
The killer bee stings you!
* * * LOW HITPOINT WARNING * * *
The killer bee barely misses you. The killer bee stings you.
* * * LOW HITPOINT WARNING * * *
Cipactli barely misses the killer bee.
The killer bee stings you but does no damage.
Okay, then.
Okay, then.
Shoot: g) +8 longbow "Zephyr" {speed, Dex+3 SInv}
Press: ? - help, Q - select action, (/) - cycle Shift-Dir - straight line, f/p - killer bee
Aim: a killer bee (heavily wounded, 51% to hit)
You shoot an arrow. The arrow misses the killer bee.
The killer bee stings you.
* * * LOW HITPOINT WARNING * * *
The killer bee completely misses you. The killer bee stings you.
* * * LOW HITPOINT WARNING * * *
You are lethally poisoned!
The killer bee poisons you! The killer bee stings you.
You die...

...##.......###........#
#........#### #........#
.........# #........#
#.......################
...........#..<##
..##............##
..[..............##
.[.............yy.#
.[...........<..@R#
##.#............###
##.#...#...#...##
##..##...#..####
###..###..#..##
..##..#....#..#
..###...##.##.# ..#
##..##..#.## ###
######....##


You could see the friendly Cipactli the ancestor and 2 killer bees.

Vanquished Creatures
  A black bear (D:6)
  4 ice beasts (D:6)
  A centaur (D:6)
  3 phantoms
  A kobold brigand (D:6)
  3 necrophages
  A howler monkey (D:5)
  A jelly (D:5)
  4 orc priests
  5 hounds
  2 iguanas
  7 orc wizards
  5 adders
  A gnoll (D:2)
  3 shadow imps
  A white imp (D:6)
  2 worms
  5 dart slugs
  10 orcs
  7 bats
  4 endoplasms
  6 giant cockroaches
  4 goblins
  8 hobgoblins
  6 jackals
  3 quokkas
  6 ball pythons
  7 frilled lizards
  10 kobolds
  6 rats
127 creatures vanquished.

Vanquished Creatures (collateral kills)
  A hound (D:5)
  An ufetubus (D:6)
  An orc (D:5)
3 creatures vanquished.

Vanquished Creatures (others)
  An ancestor (D:6)
  10 plants (D:3)
11 creatures vanquished.

Grand Total: 141 creatures vanquished

Notes
Turn   | Place    | Note
-------+----------+-------------------------------------------
     0 | D:1      | jlumianski the Demonspawn Fighter began the quest for the
                  | Orb.
     0 | D:1      | Reached XP level 1. HP: 18/18 MP: 1/1
   405 | D:1      | Gained mutation: You have a small tail. [demonic ancestry]
   405 | D:1      | Reached XP level 2. HP: 22/24 MP: 2/2
   678 | D:1      | Gained mutation: Your demonic aura sometimes causes spilled
                  | blood to erupt in flames. [demonic ancestry]
   678 | D:1      | Reached XP level 3. HP: 29/29 MP: 3/3
   936 | D:1      | Found a faded altar of an unknown god.
  1081 | D:1      | Found a broken altar of Ashenzari.
  1103 | D:1      | Identified a scroll of acquirement
  1103 | D:1      | Acquired the +8 longbow "Zephyr" {speed, Dex+3 SInv}
  1103 | D:1      | Found the +8 longbow "Zephyr" {speed, Dex+3 SInv}
  1304 | D:2      | Found Ymmuiqutz's Distillery.
  1313 | D:2      | Bought a potion of curing for 36 gold pieces
  1791 | D:2      | Reached skill level 1 in Bows
  1791 | D:2      | Gained mutation: You have an unusually large brain. (Int
                  | +2) [demonic ancestry]
  1791 | D:2      | Reached XP level 4. HP: 32/35 MP: 4/4
  2276 | D:3      | Reached skill level 2 in Bows
  2301 | D:3      | Gained mutation: You have an extremely huge brain. (Int +4)
                  | [demonic ancestry]
  2301 | D:3      | Reached XP level 5. HP: 41/41 MP: 5/5
  2305 | D:3      | Reached skill level 3 in Bows
  2340 | D:3      | Identified the +7 hand axe of Success {drain, rElec rPois}
  2548 | D:4      | Reached skill level 1 in Stealth
  2548 | D:4      | Found a shadowy altar of Dithmenos.
  2564 | D:4      | Found a shimmering altar of Xom.
  2580 | D:4      | Gained mutation: You have a tail ending in a sharp stinger.
                  | [demonic ancestry]
  2580 | D:4      | Reached XP level 6. HP: 47/47 MP: 6/6
  2673 | D:4      | Found a staircase to the Ecumenical Temple.
  2703 | Temple   | Entered the Ecumenical Temple
  2755 | Temple   | Became a worshipper of Hepliaklqana the Forgotten
  2830 | D:4      | Reached skill level 4 in Bows
  2870 | D:4      | Found an iron altar of Okawaru.
  3110 | D:4      | Gained mutation: You are clumsy. (Dex -2) [potion of
                  | mutation]
  3110 | D:4      | Gained mutation: Your flesh is heat resistant. (rF+)
                  | [potion of mutation]
  3110 | D:4      | Gained mutation: You occasionally shout uncontrollably at
                  | your foes. [potion of mutation]
  3110 | D:4      | Gained mutation: Your flesh is very heat resistant. (rF++)
                  | [potion of mutation]
  3111 | D:4      | Lost mutation: Your flesh is very heat resistant. (rF++)
                  | [potion of mutation]
  3111 | D:4      | Lost mutation: You are clumsy. (Dex -2) [potion of
                  | mutation]
  3111 | D:4      | Gained mutation: You are dopey. (Int -2) [potion of
                  | mutation]
  3111 | D:4      | Gained mutation: Your spells are a little harder to cast,
                  | but a little more powerful. [potion of mutation]
  3112 | D:4      | Lost mutation: You occasionally shout uncontrollably at
                  | your foes. [potion of mutation]
  3112 | D:4      | Lost mutation: Your spells are a little harder to cast, but
                  | a little more powerful. [potion of mutation]
  3112 | D:4      | Gained mutation: Your system is resistant to poisons.
                  | (rPois) [potion of mutation]
  3112 | D:4      | Lost mutation: Your flesh is heat resistant. (rF+) [potion
                  | of mutation]
  3112 | D:4      | Gained mutation: You have a pair of small horns on your
                  | head. [potion of mutation]
  3112 | D:4      | Gained mutation: You have very sharp teeth. [potion of
                  | mutation]
  3366 | D:2      | Bought a potion of heal wounds for 60 gold pieces
  3400 | D:5      | Entered Level 5 of the Dungeon
  3566 | D:4      | Reached skill level 5 in Bows
  3579 | D:5      | Reached XP level 7. HP: 53/53 MP: 7/7
  3658 | D:5      | Reached * piety under Hepliaklqana
  3767 | D:5      | Found Zeodgh's Antique Weapon Emporium.
  3808 | D:5      | Reached skill level 6 in Bows
  3879 | D:5      | Found a blossoming altar of Fedhas.
  4138 | D:6      | Reached skill level 7 in Bows
  4138 | D:6      | Reached skill level 1 in Invocations
  4138 | D:6      | Reached XP level 8. HP: 38/54 MP: 8/8
  4569 | D:6      | Reached skill level 8 in Bows
  4641 | D:6      | Noticed Grinder
  4983 | D:7      | Noticed an unseen horror
  4995 | D:6      | HP: 1/54 [killer bee (6)]
  4995 | D:6      | Slain by a killer bee

Illustrated notes

Levels and vault maps discovered:
D:1:      dpeg_arrival_water_altar, layout_basic,
          ebering_ecumenical_altar_sacrificial
D:2:      layout_loops_cross, serial_shops, shop, basic_altar
D:3:      layout_loops_cross, st_stairs_11, dk_vineyard_2, kennysheep_boxes
D:4:      layout_rooms, nicolae_overflow_squiral, mainiacjoe_overflow_24_doors,
          minmay_temple_entry_statues_pillars, kennysheep_small_spiral,
          hangedman_abyss_or_decor_stabs
D:5:      layout_cave_pools, lemuel_doored_altar, serial_shops,
          nicolae_shop_waterfront
D:6:      layout_rooms, uniq_grinder
D:7:      layout_rooms, grunt_temple_overflow_gold_and_silver,
          nicolae_fountain_basement
Temple:   eino_narrow_crystal_temple

Skill      XL: |  1  2  3  4  5  6  7  8 |
---------------+-------------------------+-----
Axes           | 2 |  2.3
Armour         | 3 |  3.6
Shields        | 3 |  3.0
Bows           | 1 2 3 5 7 8 |  8.5
Stealth        | 1 2 3 |  3.0
Invocations    | 1 3 |  3.3
Fighting       | 4 |  4.3
Dodging        | |  0.8

Action                   |  1- 3 |  4- 6 |  7- 9 || total
-------------------------+-------+-------+-------++-------
Melee: War axe           |    98 |       |       ||    98
       Tailslap          |     9 |       |       ||     9
       Hand axe          |       |     1 |       ||     1
 Fire: Longbow           |    47 |    86 |   116 ||   249
Invok: Recall Ancestor   |       |       |     1 ||     1
  Use: Scroll            |     7 |     3 |     2 ||    12
       Potion            |       |     4 |       ||     4
Armor: Scale mail        |    59 |    24 |    19 ||   102
       Plate armour      |    27 |     3 |       ||    30
Dodge: Dodged            |    59 |    15 |    25 ||    99
Block: Buckler           |    30 |       |       ||    30

Table legend: (Time is in decaauts)
 A = Elapsed time spent in this place.
 B = Non-inter-level travel time spent in this place.
 C = Inter-level travel time spent in this place.
 D = Time resting spent in this place.
 E = Time spent auto-exploring this place.
 F = Levels seen in this place.
 G = Mean time per level.
                   A        B        C        D        E       F      G
               +--------+--------+--------+--------+--------+-----+--------+
         Total |   5143 |   4881 |    262 |    286 |   3234 |   8 |  642.9 |
       Dungeon |   5076 |   4814 |    262 |    286 |   3197 |   7 |  725.1 |
        Temple |     67 |     67 |      0 |      0 |     37 |   1 |   67.0 |
               +--------+--------+--------+--------+--------+-----+--------+

Top non-repeatable levels by time:
     D:1: 1215 daAuts
     D:4: 908 daAuts
     D:6: 754 daAuts
     D:2: 749 daAuts
     D:3: 707 daAuts
     D:5: 658 daAuts
     D:7: 83 daAuts
  Temple: 67 daAuts
